 Dungeon Crawl Stone Soup version 0.28.0 (webtiles) character file.

Game seed: 18436106929263692009

970 jjjjhere the Grappler (level 8, -7/57 HPs)
             Began as a Ghoul Hedge Wizard on Feb 18, 2022.
             Was a Believer of Makhleb.
             Killed by divine providence
             ... invoked by an orc priest
              (8 damage)
             ... on level 6 of the Dungeon.
             The game lasted 00:07:16 (5829 turns).

jjjjhere the Grappler (Ghoul Hedge Wizard)          Turns: 5829, Time: 00:07:16

Health: -7/57      AC:  9    Str: 16    XL:     8   Next: 16%
Magic:  11/11      EV: 21    Int:  9    God:    Makhleb [**....]
Gold:   253        SH:  0    Dex:  8    Spells: 11/12 levels left

rFire   . . .      SeeInvis .     - Unarmed
rCold   + . .      Faith    .   n - orb {light}
rNeg    + + +      Spirit   .   h - +0 chain mail
rPois   ∞          Reflect  .   c - +0 hat
rElec   .          Harm     .   j - +0 cloak
rCorr   .          Rampage  .   (no gloves)
Will    .....                   (no boots)
Stlth   ..........              i - amulet of the acrobat
HPRegen 0.00/turn               (no ring)
MPRegen 0.12/turn               (no ring)

@: acrobatic, inhibited regen, glowing
A: claws 1, cold resistance 1, negative energy resistance 3, inhibited
regeneration, torment resistance 2
a: Renounce Religion, Minor Destruction


You were on level 6 of the Dungeon.
You worshipped Makhleb.
Makhleb was pleased with you.
You visited 1 branch of the dungeon, and saw 6 of its levels.

You collected 253 gold pieces.

Inventory:

Missiles
 f - 14 poisoned darts (quivered)
Armour
 c - a +0 hat (worn)
 h - a +0 chain mail (worn)
 j - a +0 cloak (worn)
 n - an orb of light (worn)
Jewellery
 i - an amulet of the acrobat (around neck)
Wands
 d - a wand of paralysis (4)
 m - a wand of acid (7)
Scrolls
 g - 3 scrolls of immolation
 l - a scroll of noise {unknown}
 s - a scroll of teleportation
Potions
 a - a potion of mutation {unknown}
 b - a potion of berserk rage
 e - 2 potions of lignification {unknown}
 k - 2 potions of flight {unknown}
 o - a potion of haste {unknown}
 p - a potion of curing {unknown}
 q - a potion of magic {unknown}
 r - 2 potions of heal wounds {unknown}


   Skills:
 - Level 1.7 Dodging
 - Level 2.1 Stealth
 + Level 9.9 Unarmed Combat
 - Level 2.6 Spellcasting
 - Level 0.7 Conjurations
 - Level 0.8 Summonings
 - Level 0.8 Translocations


You had 11 spell levels left.
You knew the following spells:

 Your Spells              Type           Power      Damage    Failure   Level
a - Magic Dart            Conj           8%         1d3       99%         1

Your spell library contained the following spells:

 Spells                   Type           Power      Damage    Failure   Level
 Freeze                   Ice            4%         1d3       100%        1
 Slow                     Hex            4%         N/A       100%        1
 Blink                    Tloc           4%         N/A       100%        2
 Call Imp                 Summ           2%         N/A       100%        2
 Confusing Touch          Hex            1%         N/A       100%        3
 Conjure Flame            Conj/Fire      1%         6-21      100%        3
 Frozen Ramparts          Ice            2%         1d2       100%        3
 Mephitic Cloud           Conj/Pois/Air  1%         N/A       100%        3
 Vampiric Draining        Necr           1%         2d6       100%        3
 Hailstorm                Conj/Ice       1%         3d3       100%        4
 Manifold Assault         Tloc           2%         N/A       100%        5
 Summon Hydra             Summ           1%         N/A       100%        7
 Sublimation of Blood     Necr           Unusable   N/A       N/A         2
 Wereblood                Tmut           Unusable   N/A       N/A         2
 Storm Form               Tmut/Air       Unusable   N/A       N/A         7

Dungeon Overview and Level Annotations

Branches:
Dungeon (6/15)
 Temple: D:4-7

Altars:
Makhleb
Okawaru
Qazlal
Ru

Shops:
D:3 [


Innate Abilities, Weirdness & Mutations

You thrive by killing the living.
You are immune to poison.
You have sharp fingernails.
Your flesh is cold resistant. (rC+)
You are immune to negative energy. (rN+++)
You do not regenerate when monsters are visible.
You are immune to unholy pain and torment.


Message History

An orc wizard comes into view. It is wielding a +0 dagger.
An orc priest comes into view. It is wielding a +0 trident.
The orc priest shouts!
You hear a shout!
An orc priest comes into view. It is wielding a +0 whip.
Found 9 gold pieces.
You scratch the orc.
The orc is lightly wounded.
The orc hits you but does no damage.
The orc wizard points at you and mumbles some strange words.
The puff of flame misses you.
You scratch the orc.
The orc is heavily wounded.
The orc hits you but does no damage. The orc closely misses you.
The orc wizard points at you and mumbles some strange words.
You resist with some effort.
The orc priest looks braver for a moment.
The orc priest calls upon Beogh to heal the orc.
The orc's wounds heal themselves!
The orc priest mumbles some strange prayers to Beogh against you.
Beogh smites you!
The orc priest looks encouraged for a moment.
The orc wizard gestures wildly while chanting.
The orc wizard flickers and vanishes!
Deactivating autopickup; reactivate with Ctrl-A.
There is an open door here.
As you close the door, it creaks loudly!
An orc opens the door.
The orc priest mumbles some strange prayers to Beogh against you.
Beogh smites you!
The orc priest calls down the wrath of Beogh upon you.
Beogh smites you!
* * * LOW HITPOINT WARNING * * *
The orc priest calls down the wrath of Beogh upon you.
Beogh smites you!
* * * LOW HITPOINT WARNING * * *
It was a potion of berserk rage.
You feel slightly irritated.
The orc priest calls down the wrath of Beogh upon you.
Beogh smites you!
You die...

.#.##.##.#####.#.................
.#.#.#.#.# ..#.#.##############
.#..###..# ###.#.# .#.#.#.#.#
#.#.# .#.##.##.# #.#.# .#.......#
#.#.# .####'##### #.#.#
....#.[.#.# #.#.#
....#.###.######@#
#.#............o.#
#.####.##o#####......#
#'####..#.# #......# .[....#.#.#
#......# ......#..{# ####+###
......##..# ......##..#
......'.oo#


You could see an orc priest and an orc.

Vanquished Creatures
  Sigmund (D:4)
  Duvessa (D:4)
  2 phantoms
  A bullfrog (D:3)
  Dowan (D:4)
  A jelly (D:6)
  A centaur zombie (D:6)
  3 hounds
  A centaur skeleton (D:6)
  3 iguanas
  An orc wizard (D:5)
  8 gnolls
  4 adders
  3 orcs (D:5)
  6 bats
  9 endoplasms
  8 goblins
  5 hobgoblins
  2 jackals (D:1)
  8 kobolds
  3 quokkas
  4 ball pythons
  2 frilled lizards
  3 rats
81 creatures vanquished.

Notes
Turn   | Place    | Note
-------+----------+-------------------------------------------
     0 | D:1      | jjjjhere the Ghoul Hedge Wizard began the quest for the
                  | Orb.
     0 | D:1      | Reached XP level 1. HP: 14/14 MP: 3/3
    18 | D:1      | HP: 4/14 [kobold (4)]
   403 | D:1      | Reached skill level 1 in Unarmed Combat
   503 | D:1      | Reached XP level 2. HP: 10/20 MP: 4/4
   663 | D:1      | Reached skill level 2 in Unarmed Combat
   732 | D:1      | Found a faded altar of an unknown god.
   752 | D:1      | Prayed at the altar of an unknown god.
   752 | D:1      | Became a worshipper of Makhleb the Destroyer
   752 | D:1      | Reached * piety under Makhleb
  1387 | D:2      | Reached XP level 3. HP: 26/26 MP: 6/6
  1762 | D:2      | Reached skill level 3 in Unarmed Combat
  2185 | D:2      | Reached skill level 4 in Unarmed Combat
  2185 | D:2      | Reached XP level 4. HP: 31/33 MP: 7/7
  2727 | D:3      | Reached ** piety under Makhleb
  3051 | D:3      | Found an iron altar of Okawaru.
  3084 | D:3      | Found Reafeeps's Antique Armour Emporium.
  3210 | D:4      | Reached skill level 5 in Unarmed Combat
  3210 | D:4      | Reached XP level 5. HP: 29/38 MP: 8/8
  3504 | D:4      | Noticed Sigmund
  3537 | D:3      | Reached skill level 6 in Unarmed Combat
  3537 | D:3      | Reached XP level 6. HP: 31/45 MP: 9/9
  3827 | D:4      | Found a stormy altar of Qazlal.
  3968 | D:4      | Reached skill level 7 in Unarmed Combat
  4214 | D:4      | Killed Sigmund
  4215 | D:4      | Reached XP level 7. HP: 27/50 MP: 10/10
  4486 | D:4      | Noticed Duvessa
  4486 | D:4      | Noticed Dowan
  4517 | D:4      | Killed Duvessa
  4518 | D:4      | Reached skill level 8 in Unarmed Combat
  4525 | D:4      | Killed Dowan
  4892 | D:5      | Entered Level 5 of the Dungeon
  5027 | D:5      | Found a sacrificial altar of Ru.
  5192 | D:5      | Reached skill level 9 in Unarmed Combat
  5572 | D:6      | Reached XP level 8. HP: 34/57 MP: 11/11
  5818 | D:6      | HP: 16/57 [orc priest/divine providence (12)]
  5822 | D:6      | HP: 1/57 [orc priest/divine providence (15)]
  5829 | D:6      | Killed from afar by an orc priest

Illustrated notes

Levels and vault maps discovered:
D:1:      onia_arrival_pentagram, layout_basic, nicolae_ecumenical_lake_church
D:2:      layout_basic, serial_aquarium, aquarium_bridge_straight
          [aquarium_subvault_bridge, aquarium_subvault_wall,
          aquarium_subvault_bridge, aquarium_subvault_window],
          aquarium_bridge_long_joined [aquarium_subvault_window,
          aquarium_subvault_window, aquarium_subvault_balcony,
          aquarium_subvault_bridge, aquarium_subvault_balcony,
          aquarium_subvault_wall], aquarium_window_fake, aquarium_window_2,
          aquarium_window_2, aquarium_view_2g, aquarium_balcony_3a, minivault_19
D:3:      layout_loops_cross, mainiacjoe_overflow_alcove_1, serial_shops, shop,
          amcnicky_mini_rare_corridor_liquid, minmay_curled_crystal,
          nicolae_figureground_sparkle
D:4:      layout_layer_cave, lemuel_tele_altar, uniq_sigmund, uniq_duvessa
D:5:      layout_rooms, nicolae_ru_awakened_eye
D:6:      kennysheep_kobold_camp, layout_basic, minmay_liquid_box,
          kennysheep_generic_room_9

Skill      XL: |  1  2  3  4  5  6  7 |
---------------+----------------------+-----
Unarmed Combat | 1 2 4 5 6 7 9 |  9.9
Dodging        | |  1.7
Stealth        | |  2.1
Spellcasting   | |  2.6
Conjurations   | |  0.7
Summonings     | |  0.8
Translocations | |  0.8

Action                   |  1- 3 |  4- 6 |  7- 9 || total
-------------------------+-------+-------+-------++-------
Melee: Unarmed           |   131 |   133 |    73 ||   337
       Dagger            |     7 |       |       ||     7
       Punch             |     3 |     1 |       ||     4
Throw: Dart              |    15 |    19 |    11 ||    45
 Cast: Magic Dart        |     9 |       |       ||     9
Evoke: Wand              |       |       |     3 ||     3
  Use: Scroll            |       |       |     7 ||     7
       Potion            |       |       |     1 ||     1
 Stab: Paralysed         |       |       |    12 ||    12
Armor: Ring mail         |    35 |       |       ||    35
       Chain mail        |    71 |    67 |    23 ||   161
Dodge: Dodged            |    67 |    33 |    21 ||   121
